 Dungeon Crawl Stone Soup version 0.22-a0-525-gf69a080 (webtiles) character file.

49 GameOver the Conjurer (level 3, -3/28 HPs)
             Began as a Naga Wizard on June 20, 2018.
             Killed from afar by Natasha (11 damage)
             ... with a magic dart
             ... on level 2 of the Dungeon.
             The game lasted 00:03:14 (631 turns).

GameOver the Conjurer (Naga Wizard)                  Turns: 631, Time: 00:03:15

Health: -3/28      AC:  2    Str:  9    XL:     3   Next: 75%
Magic:  3/7        EV: 10    Int: 24    God:
Gold:   52         SH:  0    Dex:  9    Spells: 2/8 levels left

rFire    . . .     SeeInvis +   e - +0 spear
rCold    . . .     Gourm    .   (no shield)
rNeg     . . .     Faith    .   a - +0 robe
rPois    +         Spirit   .   b - +0 hat
rElec    .         Reflect  .   (no cloak)
rCorr    .         Harm     .   (no gloves)
MR       .....     Rnd*Tele +   (no barding)
Stlth    ++........             (no amulet)
HPRegen  0.09/turn              g - ring of teleportation (curse)
MPRegen  0.10/turn              (no ring)

@: brilliant, slowed, very slow
A: large, see invisible, deformed body, poison resistance, slowness 2, slow
metabolism 1, spit poison 1, AC +1
a: Spit Poison


You were on level 2 of the Dungeon.
You were not hungry.

You visited 1 branch of the dungeon, and saw 2 of its levels.

You collected 52 gold pieces.

Inventory:

Hand Weapons
 e - a +0 spear (weapon)
Armour
 a - a +0 robe (worn)
 b - a +0 hat (worn)
Jewellery
 g - a cursed ring of teleportation (left hand)
Scrolls
 f - a scroll of immolation {unknown}
 h - a scroll of magic mapping {unknown}
 i - a scroll of enchant weapon {unknown}
 j - a scroll of remove curse {unknown}
Potions
 k - a potion of brilliance
Comestibles
 d - 2 rations
 l - 3 chunks of flesh


   Skills:
 - Level 1.5 Dodging
 - Level 3.0 Stealth
 - Level 3.0 Spellcasting
 + Level 3.5 Conjurations
   Level 1.0 Summonings
 - Level 1.0 Translocations


You had 2 spell levels left.
You knew the following spells:

 Your Spells              Type           Power        Failure   Level  Hunger
a - Magic Dart            Conj           ####         1%          1    None
b - Blink                 Tloc           N/A          1%          2    ##.....
d - Mephitic Cloud        Conj/Pois/Air  ###.....     2%          3    ###....

Your spell library contained the following spells:

 Spells                   Type           Power        Failure   Level  Hunger
 Conjure Flame            Conj/Fire      ####....     1%          3    ###....
 Slow                     Hex            ###.....     1%          2    ##.....
 Call Imp                 Summ           ###.....     1%          2    ##.....


Dungeon Overview and Level Annotations

Branches:
Dungeon (1/15)

Altars:

Annotations:
D:2 Natasha


Innate Abilities, Weirdness & Mutations

You cannot wear boots.
Your serpentine skin is tough. (AC +1)
You have supernaturally acute eyesight. (SInv)
Armour fits poorly on your strangely shaped body.
Your system is resistant to poisons. (rPois)
You cover ground very slowly.
You have a slow metabolism.
You can spit poison.


Message History

Natasha mumbles some strange words.
The kobold throws a stone.
The stone barely misses you. The bat barely misses you.
Natasha stares at you and mumbles some strange words.
You feel yourself slow down.
Unknown command.
Press: ? - help, Shift-Dir - straight line, f/p - Natasha
Aim: Natasha You fail to use your ability.
The bat misses you. Natasha misses you. The kobold barely misses you. x2
Unknown command.
The bat hits you but does no damage. The bat barely misses you.
Natasha claws you.
* * * LOW HITPOINT WARNING * * *
The bat closely misses you. The kobold misses you.
Unknown command.
The bat hits you but does no damage.
Natasha stares at you and mumbles some strange words.
The magic dart hits you!
You die...

#..#.#.w....#
###..#.#...>..#..
................#
###...##.....##
#.....((.......#
#.#...###.####.#
#.#(.5###.#
###.#..Khb#.#
........#@#.#
###.#...#.#.#
#.#...#.#.#
#.#...#.#.###
#.#.........#
#.........#..
###..##.###
#..##.# #..##.###


You could see Natasha, a white imp, a bat and a kobold.

Vanquished Creatures
  2 adders (D:2)
  A dart slug (D:2)
  A leopard gecko (D:2)
  A ball python (D:1)
  4 bats
  3 giant cockroaches
  5 goblins
  4 hobgoblins
  2 frilled lizards
  A rat (D:1)
24 creatures vanquished.

Notes
Turn   | Place    | Note
-------+----------+-------------------------------------------
     0 | D:1      | GameOver the Naga Wizard began the quest for the Orb.
     0 | D:1      | Reached XP level 1. HP: 15/15 MP: 4/4
   224 | D:1      | Reached XP level 2. HP: 22/22 MP: 3/6
   392 | D:1      | You fall through a shaft!
   517 | D:2      | Reached XP level 3. HP: 22/28 MP: 2/7
   521 | D:2      | Learned a level 2 spell: Blink
   525 | D:2      | Learned a level 3 spell: Mephitic Cloud
   624 | D:2      | Noticed Natasha
   631 | D:2      | Killed from afar by Natasha

Vault maps used:
D:1:      minmay_arrival_solitary_statue
D:2:      uniq_natasha

Skill      XL: |  1  2 |
---------------+-------+-----
Conjurations   | 2 3 |  3.5
Dodging        | |  1.5
Stealth        | |  3.0
Spellcasting   | |  3.0
Summonings     | |  1.0
Translocations | |  1.0

Action                   || total
-------------------------++-------
Melee: Spear             ||     5
 Cast: Magic Dart        ||    30
 Abil: Spit Poison       ||    23
  Use: Potion            ||     1
Armor: Robe              ||     6
Dodge: Dodged            ||    25

Table legend:
 A = Spawn XP
 B = Non-spawn XP
 C = Spawn XP percentage of total XP
 D = Spawn monster count
 E = Non-spawn monster count
 F = Spawn count percentage of total count
 G = Total turns spent on level
                    A         B        C        D         E        F      G
               +---------+---------+-------+---------+---------+-------+---------
         Total |       0 |      70 |   0.0 |       0 |      24 |   0.0 |   631
               +---------+---------+-------+---------+---------+-------+---------
           D:1 |       0 |      22 |   0.0 |       0 |      12 |   0.0 |   392
           D:2 |       0 |      48 |   0.0 |       0 |      12 |   0.0 |   239
               +---------+---------+-------+---------+---------+-------+---------
